Remparts vs River Frogs
Created - February 20, 2020 at 22:45
Goals
|
| Remparts |
0 |
2 |
0 |
2 |
| River Frogs |
0 |
1 |
0 |
1 |
|
Shots
|
| Remparts |
9 |
12 |
9 |
30 |
| River Frogs |
12 |
24 |
9 |
45 |
|
1st period
No Goal
Penalties :
No Penalty
2nd period
1. Remparts , Guillaume Desbiens 21 (Sam Reinhart 16, Roberts Lipsbergs 6) at 9:01
2. Remparts , Sam Reinhart 17 (Niklas Hansson 9) at 10:48
3. River Frogs , Justin Florek 16 (Leon Draisaitl 33) at 14:25
Penalties :
Cédric Lalonde-McNicoll (Que) for Holding (Minor) at 16:22
3rd period
No Goal
Penalties :
Pontus Aberg (Que) for Hooking (Minor) at 2:12, Guillaume Desbiens (Que) for Tripping (Minor) at 4:24, Nelson Nogier (Que) for Cross-checking (Minor) at 11:34, William Colbert (Que) for Cross-checking (Minor) at 18:24
Goalie Stats
Garret Sparks (Que), 44 saves from 45 shots - (0.978), W, 10-10-2, 60:00 minutes
Thomas Greiss (Lou), 28 saves from 30 shots - (0.933), L, 14-14-2, 60:00 minutes
Players Stats for Remparts
Player Name G A P +/- PIM S H SB GA TA FO MP PP MP PK MP
------------------------------------------------------------------------------------
Brendan Perlini 0 0 0 1 0 1 1 0 0 1 0/0 14:21 0:00 0:00
Cédric Lalonde-McNicoll 0 0 0 0 2 3 1 2 0 0 5/9 13:24 0:00 2:00
Guillaume Desbiens 1 0 1 1 2 5 3 0 1 0 1/1 16:55 0:00 2:06
Jake Virtanen 0 0 0 1 0 0 1 0 0 0 1/1 10:30 0:00 2:46
Jonathan Matsumoto 0 0 0 1 0 3 1 0 1 2 4/10 14:57 0:00 0:36
Keaton Thompson 0 0 0 0 0 1 1 1 0 0 0/0 14:04 0:00 0:27
Matt Puempel 0 0 0 0 0 0 1 0 1 0 0/0 10:56 0:00 0:00
Max Reinhart 0 0 0 -1 0 4 1 0 1 1 13/36 22:19 0:00 4:55
Michal Jordan 0 0 0 0 0 3 2 0 0 2 0/0 25:06 0:00 4:05
Nail Yakupov 0 0 0 0 0 0 0 0 2 0 0/0 10:56 0:00 0:00
Nelson Nogier 0 0 0 0 2 0 0 6 0 0 0/0 13:42 0:00 0:00
Niklas Hansson 0 1 1 1 0 1 0 3 0 0 0/0 21:36 0:00 5:45
Pontus Aberg 0 0 0 -1 2 3 0 0 2 0 0/3 17:27 0:00 0:00
Rickard Rakell 0 0 0 -1 0 1 0 0 0 1 0/1 22:07 0:00 4:43
Roberts Lipsbergs 0 1 1 1 0 0 0 0 0 0 0/0 9:15 0:00 1:56
Sam Reinhart 1 1 2 1 0 4 0 0 0 0 1/2 7:13 0:00 0:00
Viktor Baldayev 0 0 0 1 0 0 1 1 0 1 0/0 19:40 0:00 4:08
William Colbert 0 0 0 0 2 1 2 2 0 2 0/0 25:56 0:00 4:37
Players Stats for River Frogs
Player Name G A P +/- PIM S H SB GA TA FO MP PP MP PK MP
------------------------------------------------------------------------------------
Aaron Ness 0 0 0 -1 0 0 1 3 0 1 0/0 21:19 4:08 0:00
Anthony Bitetto 0 0 0 -1 0 2 2 3 0 0 0/0 26:57 5:23 0:00
Austin Watson 0 0 0 0 0 0 0 0 0 0 0/0 0:31 0:00 0:00
Beau Starrett 0 0 0 0 0 0 0 0 0 0 0/0 0:00 0:00 0:00
Christian Hanson 0 0 0 0 0 2 1 1 1 0 25/35 22:15 4:50 0:00
David Kolomatis 0 0 0 -1 0 1 2 5 1 2 0/0 21:19 4:08 0:00
Dillon Heatherington 0 0 0 1 0 1 0 0 1 0 0/0 11:44 0:00 0:00
Emerson Etem 0 0 0 0 0 1 0 0 2 0 0/1 22:11 4:46 0:00
Francis Perron 0 0 0 0 0 0 0 0 0 0 0/0 0:29 0:19 0:00
James Livingstone 0 0 0 1 0 4 2 0 1 0 2/2 19:28 4:22 0:00
Jared Knight 0 0 0 0 0 1 1 0 0 1 2/6 11:18 0:00 0:00
Joakim Nordstrom 0 0 0 -2 0 2 2 0 0 0 0/0 6:40 0:00 0:00
Justin Florek 1 0 1 1 0 3 1 0 0 0 0/0 19:27 4:21 0:00
Leon Draisaitl 0 1 1 1 0 8 1 0 1 1 7/16 19:28 4:22 0:00
Mario Lucia 0 0 0 0 0 1 0 0 0 0 0/0 11:01 0:24 0:00
Matt Calvert 0 0 0 0 0 9 1 0 1 0 1/2 22:15 4:50 0:00
Maxim Mamin 0 0 0 0 0 0 0 0 0 0 0/0 0:00 0:00 0:00
Ondrej Kase 0 0 0 0 0 2 0 0 0 0 1/1 11:37 0:19 0:00
Richard Nejezchleb 0 0 0 -2 0 0 1 0 1 0 0/0 6:40 0:00 0:00
Ryan Fitzgerald 0 0 0 -2 0 1 0 0 0 0 0/0 6:40 0:00 0:00
Shane Sims 0 0 0 -1 0 5 4 1 1 1 0/0 26:57 5:23 0:00
Shea Theodore 0 0 0 1 0 2 0 0 0 2 0/0 11:44 0:00 0:00
3 Stars
1 - Garret Sparks (Que)
2 - Sam Reinhart (Que)
3 - Guillaume Desbiens (Que)
Power Play
Remparts - 0 on 0 Attempt(s) - 0.00%
River Frogs - 0 on 5 Attempt(s) - 0.00%
Penalty Kill
Remparts - 5 on 5 Attempt(s) - 100.00%
- Score 0 goal in Penalty Kill
River Frogs - 0 on 0 Attempt(s) - 0.00%
- Score 0 goal in Penalty Kill
Team Stat
Remparts - Hits : 15 - Faceoff Wins : 25 - Blocked Shots : 15 - Penalty Minutes : 10
River Frogs - Hits : 19 - Faceoff Wins : 38 - Blocked Shots : 13 - Penalty Minutes : 0
Official
Referees : Unknown
Linesman : Unknown
Game Notes
Austin Watson is injured at 2:12 of 1st period (Strained Right Knee)
Finance
Level 1 -- Attendance: 1403 (70.15%) -- Ticket Income $56,120
Level 2 -- Attendance: 590 (59.00%) -- Ticket Income $11,800
Total Attendance: 1993 (66.43%)
Total Ticket Income: $67,920
Other Income: $3,396
Total Income: $71,316
Remparts
5 vs 5 Forward
Center Left Wing Right Wing Time % Phy DF OF
1 Max Reinhart Pontus Aberg Rickard Rakell 40 1 2 2
2 Jonathan Matsumoto Brendan Perlini Guillaume Desbiens 30 1 2 2
3 Cédric Lalonde-McNicoll Matt Puempel Nail Yakupov 20 1 2 2
4 Sam Reinhart Roberts Lipsbergs Jake Virtanen 10 1 2 2
5 vs 5 Defense
Defense Defense Time % Phy DF OF
1 William Colbert Michal Jordan 40 1 2 2
2 Viktor Baldayev Niklas Hansson 30 1 2 2
3 Keaton Thompson Nelson Nogier 20 1 2 2
4 William Colbert Michal Jordan 10 1 2 2
PowerPlay Forward
Center Left Wing Right Wing Time % Phy DF OF
1 Max Reinhart Pontus Aberg Rickard Rakell 60 1 2 2
2 Jonathan Matsumoto Brendan Perlini Guillaume Desbiens 40 1 2 2
PowerPlay Defense
Defense Defense Time % Phy DF OF
1 William Colbert Michal Jordan 60 1 2 2
2 Viktor Baldayev Keaton Thompson 40 1 2 2
Penalty Kill 4 Players Forward
Center Wing Time % Phy DF OF
1 Max Reinhart Rickard Rakell 60 1 2 2
2 Cédric Lalonde-McNicoll Guillaume Desbiens 40 1 2 2
Penalty Kill 4 Players Defense
Defense Defense Time % Phy DF OF
1 William Colbert Niklas Hansson 60 1 2 2
2 Michal Jordan Viktor Baldayev 40 1 2 2
Penalty Kill - 3 Players Forward
Forward Time % Phy DF OF
1 Max Reinhart 60 1 2 2
2 Rickard Rakell 40 1 2 2
Penalty Kill - 3 Players Defense
Defense Defense Time % Phy DF OF
1 William Colbert Niklas Hansson 60 1 2 2
2 Michal Jordan Viktor Baldayev 40 1 2 2
4 vs 4 Forward
Center Wing Time % Phy DF OF
1 Max Reinhart Rickard Rakell 60 1 2 2
2 Jonathan Matsumoto Pontus Aberg 40 1 2 2
4 vs 4 Defense
Defense Defense Time % Phy DF OF
1 William Colbert Michal Jordan 60 1 2 2
2 Viktor Baldayev Niklas Hansson 40 1 2 2
Last Minutes Offensive
Center Left Wing Right Wing Defense Defense
Max Reinhart Pontus Aberg Rickard Rakell Michal Jordan Niklas Hansson
Last Minutes Defensive
Center Left Wing Right Wing Defense Defense
Max Reinhart Pontus Aberg Rickard Rakell Michal Jordan Niklas Hansson
Goaltenders
Starting : Garret Sparks
Backup : Igor Bobkov
Extra Forwards
Normal : Sam Reinhart, Rickard Rakell, Max Reinhart - PP : Sam Reinhart, Rickard Rakell - PK : Jake Virtanen
Extra Defensemen
Normal : Viktor Baldayev, Niklas Hansson, Michal Jordan - PP : Niklas Hansson - PK : Michal Jordan, Niklas Hansson
Penalty Shots
Jonathan Matsumoto, Cédric Lalonde-McNicoll, Rickard Rakell, Pontus Aberg, Max Reinhart
Scratches
Juuso Ikonen (Healthy), Michael Downing (Healthy), Colin Smith (Healthy), Kyle Platzer (Healthy), Connor Honey (Healthy)
Anton Zlobin (Healthy), Mitchell Heard (Healthy), Tim Bozon (Healthy), Marek Langhamer (Healthy)
River Frogs
5 vs 5 Forward
Center Left Wing Right Wing Time % Phy DF OF
1 Christian Hanson Matt Calvert Emerson Etem 40 1 2 2
2 Leon Draisaitl Justin Florek James Livingstone 30 1 2 2
3 Jared Knight Austin Watson Ondrej Kase 20 1 2 2
4 Ryan Fitzgerald Joakim Nordstrom Richard Nejezchleb 10 1 2 2
5 vs 5 Defense
Defense Defense Time % Phy DF OF
1 Anthony Bitetto Shane Sims 40 1 2 2
2 Aaron Ness David Kolomatis 30 1 2 2
3 Shea Theodore Dillon Heatherington 20 1 2 2
4 Anthony Bitetto Shane Sims 10 1 2 2
PowerPlay Forward
Center Left Wing Right Wing Time % Phy DF OF
1 Christian Hanson Matt Calvert Emerson Etem 60 1 2 2
2 Leon Draisaitl Justin Florek James Livingstone 40 1 2 2
PowerPlay Defense
Defense Defense Time % Phy DF OF
1 Anthony Bitetto Shane Sims 60 1 2 2
2 Aaron Ness David Kolomatis 40 1 2 2
Penalty Kill 4 Players Forward
Center Wing Time % Phy DF OF
1 Christian Hanson Leon Draisaitl 60 1 2 2
2 Emerson Etem Matt Calvert 40 1 2 2
Penalty Kill 4 Players Defense
Defense Defense Time % Phy DF OF
1 Anthony Bitetto Shane Sims 60 1 2 2
2 Aaron Ness David Kolomatis 40 1 2 2
Penalty Kill - 3 Players Forward
Forward Time % Phy DF OF
1 Christian Hanson 60 1 2 2
2 Leon Draisaitl 40 1 2 2
Penalty Kill - 3 Players Defense
Defense Defense Time % Phy DF OF
1 Anthony Bitetto Shane Sims 60 1 2 2
2 Aaron Ness David Kolomatis 40 1 2 2
4 vs 4 Forward
Center Wing Time % Phy DF OF
1 Christian Hanson Leon Draisaitl 60 1 2 2
2 Emerson Etem Matt Calvert 40 1 2 2
4 vs 4 Defense
Defense Defense Time % Phy DF OF
1 Anthony Bitetto Shane Sims 60 1 2 2
2 Aaron Ness David Kolomatis 40 1 2 2
Last Minutes Offensive
Center Left Wing Right Wing Defense Defense
Christian Hanson Matt Calvert Emerson Etem Anthony Bitetto Shane Sims
Last Minutes Defensive
Center Left Wing Right Wing Defense Defense
Christian Hanson Matt Calvert Emerson Etem Anthony Bitetto Shane Sims
Goaltenders
Starting : Thomas Greiss
Backup : Phoenix Copley
Extra Forwards
Normal : Mario Lucia, Francis Perron, Maxim Mamin - PP : Mario Lucia, Francis Perron - PK : Maxim Mamin
Extra Defensemen
Normal : Shea Theodore, Dillon Heatherington, Aaron Ness - PP : Shea Theodore - PK : Dillon Heatherington, Aaron Ness
Penalty Shots
Christian Hanson, Leon Draisaitl, Emerson Etem, Matt Calvert, Justin Florek
Scratches
Andrew Gordon (Healthy), Timothy Kunes (Healthy)
% Time on Ice - Remparts
Lines # - Real PCT - Wanted PCT - Time Play
Normal Forward
1 - 35% - 40% - 17:30
2 - 29% - 30% - 14:50
3 - 22% - 20% - 10:56
4 - 14% - 10% - 7:13
Normal Defense
1 - 37% - 40% - 18:46
2 - 30% - 30% - 15:17
3 - 27% - 20% - 13:37
4 - 6% - 10% - 2:49
PP Forward
1 - 0% - 60%
2 - 0% - 40%
PP Defense
1 - 0% - 60%
2 - 0% - 40%
PK Forward
1 - 72% - 60% - 6:50
2 - 28% - 40% - 2:41
PK Defense
1 - 65% - 60% - 6:12
2 - 35% - 40% - 3:19
PK3 Forward
1 - 0% - 60%
2 - 0% - 40%
PK3 Defense
1 - 0% - 60%
2 - 0% - 40%
44 Forward
1 - 0% - 60%
2 - 0% - 40%
44 Defense
1 - 0% - 60%
2 - 0% - 40%
Last Minute Offensive - 0:00
Last Minute Defensive - 0:00
Total
Forward - 60:00
Defense - 60:00
|
% Time on Ice - River Frogs
Lines # - Real PCT - Wanted PCT - Time Play
Normal Forward
1 - 34% - 40% - 17:25
2 - 30% - 30% - 15:06
3 - 22% - 20% - 11:18
4 - 13% - 10% - 6:40
Normal Defense
1 - 36% - 40% - 18:23
2 - 34% - 30% - 17:11
3 - 23% - 20% - 11:44
4 - 6% - 10% - 3:11
PP Forward
1 - 54% - 60% - 5:09
2 - 46% - 40% - 4:22
PP Defense
1 - 57% - 60% - 5:23
2 - 43% - 40% - 4:08
PK Forward
1 - 0% - 60%
2 - 0% - 40%
PK Defense
1 - 0% - 60%
2 - 0% - 40%
PK3 Forward
1 - 0% - 60%
2 - 0% - 40%
PK3 Defense
1 - 0% - 60%
2 - 0% - 40%
44 Forward
1 - 0% - 60%
2 - 0% - 40%
44 Defense
1 - 0% - 60%
2 - 0% - 40%
Last Minute Offensive - 0:00
Last Minute Defensive - 0:00
Total
Forward - 60:00
Defense - 60:00
|
Play-by-Play
1st period
0:01 of 1st period - Max Reinhart wins face-off versus Matt Calvert in neutral zone.
0:25 of 1st period - Shane Sims is hit by Cédric Lalonde-McNicoll and loses puck.
0:38 of 1st period - Slapshot by Cédric Lalonde-McNicoll.
0:38 of 1st period - Shot Misses the Net.
1:16 of 1st period - Snap shot by Jake Virtanen.
1:16 of 1st period - Shot Misses the Net.
1:38 of 1st period - Rickard Rakell is hit by Joakim Nordstrom and loses puck.
2:11 of 1st period - Austin Watson is hit by Guillaume Desbiens and loses puck.
2:12 of 1st period - Austin Watson from River Frogs is injured at 2:12 of 1st period (Strained Right Knee).
2:13 of 1st period - Christian Hanson wins face-off versus Max Reinhart in River Frogs zone.
2:38 of 1st period - Justin Florek is hit by William Colbert.
3:11 of 1st period - Slapshot by Shea Theodore.
3:11 of 1st period - Deflect By Jake Virtanen.
3:11 of 1st period - Stopped by Garret Sparks with a rebound.
3:23 of 1st period - Snap shot by Matt Calvert.
3:23 of 1st period - Shot Misses the Net.
3:29 of 1st period - David Kolomatis is hit by Keaton Thompson and loses puck.
3:40 of 1st period - Wrist shot by Sam Reinhart.
3:40 of 1st period - Shot Blocked by David Kolomatis.
3:42 of 1st period - Slapshot by Niklas Hansson.
3:42 of 1st period - Shot Blocked by Aaron Ness.
3:44 of 1st period - Snap shot by Sam Reinhart.
3:44 of 1st period - Shot Misses the Net.
3:46 of 1st period - Wrist shot by Sam Reinhart.
3:46 of 1st period - Stopped by Thomas Greiss with a rebound.
4:16 of 1st period - Wrist shot by Jake Virtanen.
4:16 of 1st period - Shot Misses the Net.
4:18 of 1st period - Snap shot by Sam Reinhart.
4:18 of 1st period - Stopped by Thomas Greiss with a rebound.
4:20 of 1st period - Snap shot by Keaton Thompson.
4:20 of 1st period - Stopped by Thomas Greiss with a rebound.
4:22 of 1st period - Slapshot by Michal Jordan.
4:22 of 1st period - Stopped by Thomas Greiss without a rebound.
4:23 of 1st period - Leon Draisaitl wins face-off versus Max Reinhart in River Frogs zone.
4:47 of 1st period - Icing by Shane Sims.
4:48 of 1st period - Jared Knight wins face-off versus Jonathan Matsumoto in River Frogs zone.
5:32 of 1st period - Snap shot by Jared Knight.
5:32 of 1st period - Shot Misses the Net.
5:34 of 1st period - Slapshot by Anthony Bitetto.
5:34 of 1st period - Shot Blocked by Niklas Hansson.
6:07 of 1st period - Wrist shot by Cédric Lalonde-McNicoll.
6:07 of 1st period - Shot Misses the Net.
6:09 of 1st period - Snap shot by Nail Yakupov.
6:09 of 1st period - Shot Blocked by Aaron Ness.
6:14 of 1st period - Snap shot by Matt Puempel.
6:14 of 1st period - Deflect By Nail Yakupov.
6:14 of 1st period - Shot Misses the Net.
6:14 of 1st period - Puck is out of play.
6:15 of 1st period - Max Reinhart wins face-off versus Leon Draisaitl in River Frogs zone.
6:22 of 1st period - Wrist shot by Rickard Rakell.
6:22 of 1st period - Stopped by Thomas Greiss with a rebound.
6:55 of 1st period - Snap shot by Leon Draisaitl.
6:55 of 1st period - Stopped by Garret Sparks without a rebound.
6:56 of 1st period - Christian Hanson wins face-off versus Sam Reinhart in Remparts zone.
7:05 of 1st period - Wrist shot by Matt Calvert.
7:05 of 1st period - Stopped by Garret Sparks with a rebound.
7:11 of 1st period - Snap shot by Emerson Etem.
7:11 of 1st period - Shot Blocked by Nelson Nogier.
8:46 of 1st period - Shea Theodore is hit by Jonathan Matsumoto and loses puck.
8:58 of 1st period - Icing by Niklas Hansson.
8:59 of 1st period - Guillaume Desbiens wins face-off versus Christian Hanson in Remparts zone.
10:12 of 1st period - Slapshot by Justin Florek.
10:12 of 1st period - Shot Blocked by William Colbert.
10:28 of 1st period - Snap shot by Guillaume Desbiens.
10:28 of 1st period - Shot Blocked by Christian Hanson.
10:30 of 1st period - Slapshot by William Colbert.
10:30 of 1st period - Shot Misses the Net.
10:57 of 1st period - Off-side.
10:58 of 1st period - Leon Draisaitl wins face-off versus Max Reinhart in neutral zone.
11:09 of 1st period - Wrist shot by Leon Draisaitl.
11:09 of 1st period - Stopped by Garret Sparks without a rebound.
11:10 of 1st period - Leon Draisaitl wins face-off versus Pontus Aberg in Remparts zone.
11:17 of 1st period - Rickard Rakell is hit by Anthony Bitetto and loses puck.
11:22 of 1st period - Slapshot by Leon Draisaitl.
11:22 of 1st period - Stopped by Garret Sparks with a rebound.
11:24 of 1st period - Wrist shot by Shane Sims.
11:24 of 1st period - Deflect By Max Reinhart.
11:24 of 1st period - Stopped by Garret Sparks with a rebound.
11:26 of 1st period - Slapshot by Anthony Bitetto.
11:26 of 1st period - Stopped by Garret Sparks without a rebound.
11:27 of 1st period - Jonathan Matsumoto wins face-off versus Christian Hanson in Remparts zone.
11:34 of 1st period - Snap shot by Guillaume Desbiens.
11:34 of 1st period - Shot Misses the Net.
12:17 of 1st period - Wrist shot by Joakim Nordstrom.
12:17 of 1st period - Stopped by Garret Sparks with a rebound.
12:22 of 1st period - Off-side.
12:23 of 1st period - Christian Hanson wins face-off versus Jonathan Matsumoto in neutral zone.
12:48 of 1st period - Leon Draisaitl is hit by Michal Jordan and loses puck.
13:02 of 1st period - Icing by Shane Sims.
13:03 of 1st period - James Livingstone wins face-off versus Jonathan Matsumoto in River Frogs zone.
13:03 of 1st period - James Livingstone is hit by Guillaume Desbiens.
13:29 of 1st period - Slapshot by Leon Draisaitl.
13:29 of 1st period - Stopped by Garret Sparks without a rebound.
13:30 of 1st period - Max Reinhart wins face-off versus Christian Hanson in Remparts zone.
14:21 of 1st period - Snap shot by Jake Virtanen.
14:21 of 1st period - Shot Blocked by Anthony Bitetto.
14:23 of 1st period - Slapshot by Niklas Hansson.
14:23 of 1st period - Shot Misses the Net.
14:43 of 1st period - Snap shot by Justin Florek.
14:43 of 1st period - Deflect By Brendan Perlini.
14:43 of 1st period - Shot Misses the Net.
14:43 of 1st period - Puck is out of play.
14:44 of 1st period - Jonathan Matsumoto wins face-off versus Leon Draisaitl in Remparts zone.
14:54 of 1st period - Slapshot by Jonathan Matsumoto.
14:54 of 1st period - Stopped by Thomas Greiss with a rebound.
14:56 of 1st period - Slapshot by William Colbert.
14:56 of 1st period - Shot Misses the Net.
15:16 of 1st period - Wrist shot by Jonathan Matsumoto.
15:16 of 1st period - Shot Misses the Net.
15:30 of 1st period - Snap shot by Jonathan Matsumoto.
15:30 of 1st period - Stopped by Thomas Greiss without a rebound.
15:31 of 1st period - Max Reinhart wins face-off versus Emerson Etem in River Frogs zone.
16:00 of 1st period - Slapshot by Cédric Lalonde-McNicoll.
16:00 of 1st period - Stopped by Thomas Greiss with a rebound.
16:02 of 1st period - Backhand shot by Viktor Baldayev.
16:02 of 1st period - Deflect By Nail Yakupov.
16:02 of 1st period - Shot Blocked by Anthony Bitetto.
16:02 of 1st period - Puck is out of play.
16:03 of 1st period - Max Reinhart wins face-off versus Christian Hanson in River Frogs zone.
16:28 of 1st period - Ondrej Kase is hit by Michal Jordan and loses puck.
16:39 of 1st period - Backhand shot by Nail Yakupov.
16:39 of 1st period - Shot Blocked by David Kolomatis.
16:41 of 1st period - Slapshot by Cédric Lalonde-McNicoll.
16:41 of 1st period - Shot Misses the Net.
16:59 of 1st period - Slapshot by Ryan Fitzgerald.
16:59 of 1st period - Shot Misses the Net.
17:17 of 1st period - Slapshot by Jake Virtanen.
17:17 of 1st period - Shot Misses the Net.
17:19 of 1st period - Wrist shot by Keaton Thompson.
17:19 of 1st period - Shot Blocked by Shane Sims.
17:21 of 1st period - Slapshot by Nelson Nogier.
17:21 of 1st period - Shot Misses the Net.
17:35 of 1st period - Wrist shot by Rickard Rakell.
17:35 of 1st period - Deflect By Max Reinhart.
17:35 of 1st period - Shot Misses the Net.
17:35 of 1st period - Puck is out of play.
17:36 of 1st period - Leon Draisaitl wins face-off versus Max Reinhart in River Frogs zone.
17:41 of 1st period - Snap shot by Justin Florek.
17:41 of 1st period - Stopped by Garret Sparks with a rebound.
18:23 of 1st period - Snap shot by Justin Florek.
18:23 of 1st period - Deflect By Leon Draisaitl.
18:23 of 1st period - Stopped by Garret Sparks without a rebound.
18:24 of 1st period - Jonathan Matsumoto wins face-off versus Christian Hanson in Remparts zone.
18:31 of 1st period - Anthony Bitetto is hit by Brendan Perlini and loses puck.
18:40 of 1st period - Wrist shot by Guillaume Desbiens.
18:40 of 1st period - Stopped by Thomas Greiss without a rebound.
18:41 of 1st period - Jared Knight wins face-off versus Cédric Lalonde-McNicoll in River Frogs zone.
18:46 of 1st period - Slapshot by Shane Sims.
18:46 of 1st period - Stopped by Garret Sparks with a rebound.
19:08 of 1st period - Brendan Perlini is hit by Matt Calvert and loses puck.
19:31 of 1st period - Slapshot by Sam Reinhart.
19:31 of 1st period - Shot Blocked by Aaron Ness.
19:33 of 1st period - Slapshot by William Colbert.
19:33 of 1st period - Shot Blocked by David Kolomatis.
19:37 of 1st period - Slapshot by Sam Reinhart.
19:37 of 1st period - Shot Blocked by David Kolomatis.
Goals for this period are 0 for Remparts vs 0 for River Frogs.
Shots for this period are 9 for Remparts vs 12 for River Frogs.
2nd period
0:01 of 2nd period - Max Reinhart wins face-off versus Christian Hanson in neutral zone.
0:34 of 2nd period - Snap shot by Guillaume Desbiens.
0:34 of 2nd period - Stopped by Thomas Greiss with a rebound.
0:36 of 2nd period - Slapshot by Michal Jordan.
0:36 of 2nd period - Deflect By Jonathan Matsumoto.
0:36 of 2nd period - Shot Misses the Net.
0:36 of 2nd period - Puck is out of play.
0:37 of 2nd period - Christian Hanson wins face-off versus Max Reinhart in River Frogs zone.
0:42 of 2nd period - Snap shot by Matt Calvert.
0:42 of 2nd period - Stopped by Garret Sparks without a rebound.
0:43 of 2nd period - Christian Hanson wins face-off versus Max Reinhart in Remparts zone.
0:46 of 2nd period - Wrist shot by Christian Hanson.
0:46 of 2nd period - Shot Blocked by Viktor Baldayev.
1:13 of 2nd period - Snap shot by Cédric Lalonde-McNicoll.
1:13 of 2nd period - Stopped by Thomas Greiss with a rebound.
1:56 of 2nd period - Slapshot by Shane Sims.
1:56 of 2nd period - Stopped by Garret Sparks with a rebound.
1:58 of 2nd period - Slapshot by Shane Sims.
1:58 of 2nd period - Deflect By Ryan Fitzgerald.
1:58 of 2nd period - Stopped by Garret Sparks without a rebound.
1:59 of 2nd period - Christian Hanson wins face-off versus Pontus Aberg in Remparts zone.
2:35 of 2nd period - Snap shot by Jared Knight.
2:35 of 2nd period - Deflect By Mario Lucia.
2:35 of 2nd period - Stopped by Garret Sparks without a rebound.
2:36 of 2nd period - Christian Hanson wins face-off versus Max Reinhart in Remparts zone.
2:37 of 2nd period - Wrist shot by Matt Calvert.
2:37 of 2nd period - Shot Misses the Net.
2:45 of 2nd period - Wrist shot by Matt Calvert.
2:45 of 2nd period - Stopped by Garret Sparks with a rebound.
3:11 of 2nd period - Snap shot by Jonathan Matsumoto.
3:11 of 2nd period - Stopped by Thomas Greiss without a rebound.
3:12 of 2nd period - Ondrej Kase wins face-off versus Cédric Lalonde-McNicoll in River Frogs zone.
3:12 of 2nd period - Ondrej Kase is hit by William Colbert.
3:15 of 2nd period - Icing by Mario Lucia.
3:16 of 2nd period - Cédric Lalonde-McNicoll wins face-off versus Jared Knight in River Frogs zone.
3:23 of 2nd period - Slapshot by Michal Jordan.
3:23 of 2nd period - Shot Misses the Net.
3:25 of 2nd period - Snap shot by Cédric Lalonde-McNicoll.
3:25 of 2nd period - Shot Misses the Net.
3:53 of 2nd period - Snap shot by Christian Hanson.
3:53 of 2nd period - Shot Misses the Net.
4:49 of 2nd period - Slapshot by Christian Hanson.
4:49 of 2nd period - Shot Blocked by Niklas Hansson.
4:51 of 2nd period - Slapshot by Shea Theodore.
4:51 of 2nd period - Shot Blocked by Cédric Lalonde-McNicoll.
4:57 of 2nd period - Wrist shot by Matt Calvert.
4:57 of 2nd period - Shot Misses the Net.
4:59 of 2nd period - Wrist shot by Christian Hanson.
4:59 of 2nd period - Shot Misses the Net.
5:15 of 2nd period - Wrist shot by Max Reinhart.
5:15 of 2nd period - Stopped by Thomas Greiss with a rebound.
5:17 of 2nd period - Snap shot by Max Reinhart.
5:17 of 2nd period - Stopped by Thomas Greiss with a rebound.
5:19 of 2nd period - Snap shot by Rickard Rakell.
5:19 of 2nd period - Deflect By Max Reinhart.
5:19 of 2nd period - Shot Misses the Net.
5:19 of 2nd period - Puck is out of play.
5:20 of 2nd period - Christian Hanson wins face-off versus Jonathan Matsumoto in River Frogs zone.
5:33 of 2nd period - Snap shot by Matt Calvert.
5:33 of 2nd period - Shot Misses the Net.
5:35 of 2nd period - Backhand shot by Christian Hanson.
5:35 of 2nd period - Stopped by Garret Sparks with a rebound.
5:45 of 2nd period - Guillaume Desbiens is hit by Joakim Nordstrom and loses puck.
5:54 of 2nd period - Slapshot by William Colbert.
5:54 of 2nd period - Stopped by Thomas Greiss with a rebound.
6:29 of 2nd period - Icing by James Livingstone.
6:30 of 2nd period - Leon Draisaitl wins face-off versus Cédric Lalonde-McNicoll in River Frogs zone.
6:37 of 2nd period - Snap shot by Matt Calvert.
6:37 of 2nd period - Shot Blocked by Niklas Hansson.
7:15 of 2nd period - Snap shot by Leon Draisaitl.
7:15 of 2nd period - Stopped by Garret Sparks with a rebound.
7:17 of 2nd period - Snap shot by Justin Florek.
7:17 of 2nd period - Shot Misses the Net.
7:44 of 2nd period - Slapshot by Shane Sims.
7:44 of 2nd period - Stopped by Garret Sparks with a rebound.
7:58 of 2nd period - Shane Sims is hit by Max Reinhart and loses puck.
8:42 of 2nd period - Wrist shot by Justin Florek.
8:42 of 2nd period - Shot Blocked by Nelson Nogier.
9:01 of 2nd period - Wrist shot by Sam Reinhart.
9:01 of 2nd period - Deflect By Guillaume Desbiens.
9:01 of 2nd period - Goal by Guillaume Desbiens - Remparts : 1 - River Frogs : 0.
9:02 of 2nd period - Christian Hanson wins face-off versus Pontus Aberg in neutral zone.
9:27 of 2nd period - Brendan Perlini is hit by Justin Florek and loses puck.
9:50 of 2nd period - Brendan Perlini is hit by Shane Sims and loses puck.
9:55 of 2nd period - Wrist shot by Leon Draisaitl.
9:55 of 2nd period - Stopped by Garret Sparks with a rebound.
9:57 of 2nd period - Snap shot by Justin Florek.
9:57 of 2nd period - Shot Misses the Net.
9:59 of 2nd period - Wrist shot by James Livingstone.
9:59 of 2nd period - Stopped by Garret Sparks without a rebound.
10:00 of 2nd period - Christian Hanson wins face-off versus Max Reinhart in Remparts zone.
10:15 of 2nd period - Backhand shot by Matt Calvert.
10:15 of 2nd period - Shot Misses the Net.
10:25 of 2nd period - Dillon Heatherington is hit by Matt Puempel and loses puck.
10:48 of 2nd period - Wrist shot by Sam Reinhart.
10:48 of 2nd period - Goal by Sam Reinhart - Remparts : 2 - River Frogs : 0.
10:49 of 2nd period - Christian Hanson wins face-off versus Max Reinhart in neutral zone.
11:05 of 2nd period - Slapshot by William Colbert.
11:05 of 2nd period - Shot Blocked by Anthony Bitetto.
11:15 of 2nd period - Michal Jordan is hit by Shane Sims and loses puck.
11:26 of 2nd period - Slapshot by Justin Florek.
11:26 of 2nd period - Stopped by Garret Sparks without a rebound.
11:27 of 2nd period - Max Reinhart wins face-off versus Jared Knight in Remparts zone.
11:36 of 2nd period - Snap shot by Ondrej Kase.
11:36 of 2nd period - Shot Misses the Net.
11:38 of 2nd period - Slapshot by Aaron Ness.
11:38 of 2nd period - Shot Blocked by Nelson Nogier.
11:40 of 2nd period - Wrist shot by Ondrej Kase.
11:40 of 2nd period - Stopped by Garret Sparks without a rebound.
11:41 of 2nd period - Christian Hanson wins face-off versus Max Reinhart in Remparts zone.
11:50 of 2nd period - Backhand shot by Matt Calvert.
11:50 of 2nd period - Stopped by Garret Sparks without a rebound.
11:51 of 2nd period - Christian Hanson wins face-off versus Rickard Rakell in Remparts zone.
12:05 of 2nd period - Icing by Anthony Bitetto.
12:06 of 2nd period - Christian Hanson wins face-off versus Jonathan Matsumoto in River Frogs zone.
12:26 of 2nd period - Michal Jordan is hit by Anthony Bitetto and loses puck.
13:06 of 2nd period - Wrist shot by Matt Calvert.
13:06 of 2nd period - Stopped by Garret Sparks with a rebound.
13:08 of 2nd period - Wrist shot by Emerson Etem.
13:08 of 2nd period - Stopped by Garret Sparks without a rebound.
13:09 of 2nd period - Leon Draisaitl wins face-off versus Max Reinhart in Remparts zone.
13:18 of 2nd period - Snap shot by James Livingstone.
13:18 of 2nd period - Shot Misses the Net.
13:20 of 2nd period - Slapshot by David Kolomatis.
13:20 of 2nd period - Deflect By James Livingstone.
13:20 of 2nd period - Stopped by Garret Sparks with a rebound.
13:22 of 2nd period - Snap shot by David Kolomatis.
13:22 of 2nd period - Stopped by Garret Sparks with a rebound.
13:40 of 2nd period - Slapshot by Shea Theodore.
13:40 of 2nd period - Shot Blocked by Cédric Lalonde-McNicoll.
13:58 of 2nd period - Slapshot by David Kolomatis.
13:58 of 2nd period - Shot Blocked by Nelson Nogier.
14:00 of 2nd period - Wrist shot by Joakim Nordstrom.
14:00 of 2nd period - Shot Misses the Net.
14:02 of 2nd period - Snap shot by Joakim Nordstrom.
14:02 of 2nd period - Shot Misses the Net.
14:04 of 2nd period - Slapshot by David Kolomatis.
14:04 of 2nd period - Shot Misses the Net.
14:20 of 2nd period - Max Reinhart is hit by Leon Draisaitl and loses puck.
14:25 of 2nd period - Slapshot by Justin Florek.
14:25 of 2nd period - Goal by Justin Florek - Remparts : 2 - River Frogs : 1.
14:26 of 2nd period - Max Reinhart wins face-off versus Christian Hanson in neutral zone.
14:33 of 2nd period - Snap shot by Michal Jordan.
14:33 of 2nd period - Stopped by Thomas Greiss with a rebound.
14:58 of 2nd period - Slapshot by James Livingstone.
14:58 of 2nd period - Stopped by Garret Sparks without a rebound.
14:59 of 2nd period - Max Reinhart wins face-off versus Leon Draisaitl in Remparts zone.
15:24 of 2nd period - Matt Calvert is hit by Guillaume Desbiens and loses puck.
15:47 of 2nd period - David Kolomatis is hit by Jake Virtanen and loses puck.
15:52 of 2nd period - Snap shot by Sam Reinhart.
15:52 of 2nd period - Stopped by Thomas Greiss without a rebound.
15:53 of 2nd period - Sam Reinhart wins face-off versus Leon Draisaitl in River Frogs zone.
16:02 of 2nd period - Backhand shot by James Livingstone.
16:02 of 2nd period - Stopped by Garret Sparks without a rebound.
16:03 of 2nd period - Max Reinhart wins face-off versus Leon Draisaitl in Remparts zone.
16:03 of 2nd period - Max Reinhart is hit by Shane Sims.
16:17 of 2nd period - Slapshot by Anthony Bitetto.
16:17 of 2nd period - Stopped by Garret Sparks without a rebound.
16:18 of 2nd period - Christian Hanson wins face-off versus Cédric Lalonde-McNicoll in Remparts zone.
16:19 of 2nd period - Snap shot by Matt Calvert.
16:19 of 2nd period - Stopped by Garret Sparks without a rebound.
16:20 of 2nd period - Cédric Lalonde-McNicoll wins face-off versus Christian Hanson in Remparts zone.
16:22 of 2nd period - Minor Penalty to Cédric Lalonde-McNicoll for Holding.
16:23 of 2nd period - Matt Calvert wins face-off versus Max Reinhart in Remparts zone.
16:48 of 2nd period - Niklas Hansson is hit by James Livingstone and loses puck.
17:43 of 2nd period - Snap shot by Guillaume Desbiens.
17:43 of 2nd period - Shot Misses the Net.
17:45 of 2nd period - Slapshot by Michal Jordan.
17:45 of 2nd period - Stopped by Thomas Greiss without a rebound.
17:46 of 2nd period - James Livingstone wins face-off versus Max Reinhart in River Frogs zone.
18:22 of 2nd period - Penalty to Cédric Lalonde-McNicoll is over, Cédric Lalonde-McNicoll is back on ice.
18:34 of 2nd period - Snap shot by Joakim Nordstrom.
18:34 of 2nd period - Stopped by Garret Sparks with a rebound.
19:17 of 2nd period - Wrist shot by Emerson Etem.
19:17 of 2nd period - Shot Blocked by Nelson Nogier.
19:21 of 2nd period - Snap shot by Christian Hanson.
19:21 of 2nd period - Deflect By Matt Calvert.
19:21 of 2nd period - Stopped by Garret Sparks with a rebound.
19:23 of 2nd period - Slapshot by Shane Sims.
19:23 of 2nd period - Shot Blocked by Keaton Thompson.
19:25 of 2nd period - Slapshot by Shane Sims.
19:25 of 2nd period - Shot Blocked by Nelson Nogier.
19:41 of 2nd period - Snap shot by Guillaume Desbiens.
19:41 of 2nd period - Stopped by Thomas Greiss with a rebound.
19:53 of 2nd period - Viktor Baldayev is hit by James Livingstone and loses puck.
Goals for this period are 2 for Remparts vs 1 for River Frogs.
Shots for this period are 12 for Remparts vs 24 for River Frogs.
3rd period
0:01 of 3rd period - Max Reinhart wins face-off versus Christian Hanson in neutral zone.
0:04 of 3rd period - Wrist shot by Pontus Aberg.
0:04 of 3rd period - Stopped by Thomas Greiss without a rebound.
0:05 of 3rd period - Christian Hanson wins face-off versus Max Reinhart in River Frogs zone.
0:56 of 3rd period - Slapshot by Michal Jordan.
0:56 of 3rd period - Deflect By Matt Puempel.
0:56 of 3rd period - Shot Misses the Net.
0:56 of 3rd period - Puck is out of play.
0:57 of 3rd period - Cédric Lalonde-McNicoll wins face-off versus Christian Hanson in River Frogs zone.
1:33 of 3rd period - Wrist shot by Matt Calvert.
1:33 of 3rd period - Stopped by Garret Sparks with a rebound.
1:35 of 3rd period - Snap shot by Shea Theodore.
1:35 of 3rd period - Deflect By Cédric Lalonde-McNicoll.
1:35 of 3rd period - Stopped by Garret Sparks with a rebound.
1:37 of 3rd period - Snap shot by Dillon Heatherington.
1:37 of 3rd period - Deflect By Niklas Hansson.
1:37 of 3rd period - Stopped by Garret Sparks without a rebound.
1:38 of 3rd period - Max Reinhart wins face-off versus Leon Draisaitl in Remparts zone.
1:49 of 3rd period - Snap shot by Max Reinhart.
1:49 of 3rd period - Stopped by Thomas Greiss without a rebound.
1:50 of 3rd period - Max Reinhart wins face-off versus Leon Draisaitl in River Frogs zone.
2:12 of 3rd period - Minor Penalty to Pontus Aberg for Hooking.
2:13 of 3rd period - Christian Hanson wins face-off versus Max Reinhart in Remparts zone.
2:18 of 3rd period - Snap shot by Matt Calvert.
2:18 of 3rd period - Shot Misses the Net.
3:04 of 3rd period - Roberts Lipsbergs is hit by Aaron Ness and loses puck.
4:12 of 3rd period - Penalty to Pontus Aberg is over, Pontus Aberg is back on ice.
4:24 of 3rd period - Minor Penalty to Guillaume Desbiens for Tripping.
4:25 of 3rd period - Christian Hanson wins face-off versus Max Reinhart in Remparts zone.
6:12 of 3rd period - Snap shot by Shane Sims.
6:12 of 3rd period - Stopped by Garret Sparks with a rebound.
6:14 of 3rd period - Wrist shot by Mario Lucia.
6:14 of 3rd period - Shot Blocked by William Colbert.
6:24 of 3rd period - Penalty to Guillaume Desbiens is over, Guillaume Desbiens is back on ice.
6:30 of 3rd period - Brendan Perlini is hit by David Kolomatis and loses puck.
6:42 of 3rd period - Brendan Perlini is hit by David Kolomatis and loses puck.
7:03 of 3rd period - Slapshot by Ondrej Kase.
7:03 of 3rd period - Stopped by Garret Sparks with a rebound.
8:50 of 3rd period - Off-side.
8:51 of 3rd period - Cédric Lalonde-McNicoll wins face-off versus Jared Knight in neutral zone.
9:04 of 3rd period - Ondrej Kase is hit by Viktor Baldayev and loses puck.
9:40 of 3rd period - Snap shot by Leon Draisaitl.
9:40 of 3rd period - Stopped by Garret Sparks without a rebound.
9:41 of 3rd period - Jonathan Matsumoto wins face-off versus Leon Draisaitl in Remparts zone.
10:21 of 3rd period - Slapshot by Niklas Hansson.
10:21 of 3rd period - Stopped by Thomas Greiss with a rebound.
10:23 of 3rd period - Snap shot by Brendan Perlini.
10:23 of 3rd period - Stopped by Thomas Greiss without a rebound.
10:24 of 3rd period - Christian Hanson wins face-off versus Max Reinhart in River Frogs zone.
11:34 of 3rd period - Minor Penalty to Nelson Nogier for Cross-checking.
11:35 of 3rd period - Christian Hanson wins face-off versus Max Reinhart in Remparts zone.
13:27 of 3rd period - Icing by David Kolomatis.
13:28 of 3rd period - Jake Virtanen wins face-off versus Leon Draisaitl in River Frogs zone.
13:34 of 3rd period - Penalty to Nelson Nogier is over, Nelson Nogier is back on ice.
13:54 of 3rd period - Wrist shot by Guillaume Desbiens.
13:54 of 3rd period - Stopped by Thomas Greiss with a rebound.
13:56 of 3rd period - Snap shot by Michal Jordan.
13:56 of 3rd period - Deflect By Guillaume Desbiens.
13:56 of 3rd period - Shot Misses the Net.
13:56 of 3rd period - Puck is out of play.
13:57 of 3rd period - Christian Hanson wins face-off versus Max Reinhart in River Frogs zone.
14:06 of 3rd period - Snap shot by Matt Calvert.
14:06 of 3rd period - Stopped by Garret Sparks without a rebound.
14:07 of 3rd period - Christian Hanson wins face-off versus Max Reinhart in Remparts zone.
14:32 of 3rd period - Slapshot by Pontus Aberg.
14:32 of 3rd period - Stopped by Thomas Greiss without a rebound.
14:33 of 3rd period - Leon Draisaitl wins face-off versus Jonathan Matsumoto in River Frogs zone.
15:09 of 3rd period - Wrist shot by Jared Knight.
15:09 of 3rd period - Deflect By Nail Yakupov.
15:09 of 3rd period - Stopped by Garret Sparks without a rebound.
15:10 of 3rd period - Christian Hanson wins face-off versus Max Reinhart in Remparts zone.
15:23 of 3rd period - Wrist shot by Christian Hanson.
15:23 of 3rd period - Stopped by Garret Sparks without a rebound.
15:24 of 3rd period - Cédric Lalonde-McNicoll wins face-off versus Jared Knight in Remparts zone.
15:24 of 3rd period - Cédric Lalonde-McNicoll is hit by Jared Knight.
15:38 of 3rd period - Snap shot by Cédric Lalonde-McNicoll.
15:38 of 3rd period - Stopped by Thomas Greiss without a rebound.
15:39 of 3rd period - Christian Hanson wins face-off versus Max Reinhart in River Frogs zone.
15:52 of 3rd period - Wrist shot by Rickard Rakell.
15:52 of 3rd period - Deflect By Pontus Aberg.
15:52 of 3rd period - Stopped by Thomas Greiss with a rebound.
15:54 of 3rd period - Snap shot by Max Reinhart.
15:54 of 3rd period - Stopped by Thomas Greiss with a rebound.
16:11 of 3rd period - Snap shot by Cédric Lalonde-McNicoll.
16:11 of 3rd period - Shot Misses the Net.
16:36 of 3rd period - Snap shot by Roberts Lipsbergs.
16:36 of 3rd period - Shot Blocked by David Kolomatis.
16:40 of 3rd period - Wrist shot by Sam Reinhart.
16:40 of 3rd period - Shot Misses the Net.
16:42 of 3rd period - Slapshot by Niklas Hansson.
16:42 of 3rd period - Shot Misses the Net.
16:52 of 3rd period - Keaton Thompson is hit by Richard Nejezchleb and loses puck.
18:24 of 3rd period - Minor Penalty to William Colbert for Cross-checking.
18:25 of 3rd period - Christian Hanson wins face-off versus Max Reinhart in Remparts zone.
19:00 of 3rd period - Guillaume Desbiens is hit by Christian Hanson and loses puck.
19:37 of 3rd period - Rickard Rakell is hit by Shane Sims and loses puck.
Goals for this period are 0 for Remparts vs 0 for River Frogs.
Shots for this period are 9 for Remparts vs 9 for River Frogs.
Back to the Top